 Dungeon Crawl Stone Soup version 0.27.1-33-g824d729ab1 (webtiles) character file.

Game seed: 11349777672865304773

13 Destapler the Grasshopper (level 2, -2/26 HPs)
             Began as a Naga Warper on Dec 17, 2021.
             Slain by a goblin (3 damage)
             ... on level 1 of the Dungeon.
             The game lasted 00:02:20 (1021 turns).

Destapler the Grasshopper (Naga Warper)             Turns: 1021, Time: 00:02:21

Health: -2/26      AC:  2    Str: 13    XL:     2   Next: 37%
Magic:  5/5        EV:  9    Int: 13    God:
Gold:   17         SH:  0    Dex: 10    Spells: 5/5 levels left

rFire    . . .     SeeInvis +   a - +0 short sword
rCold    . . .     Faith    .   (no shield)
rNeg     . . .     Spirit   .   b - +0 leather armour
rPois    +         Reflect  .   (no helmet)
rElec    .         Harm     .   (no cloak)
rCorr    .         Rampage  .   (no gloves)
Will     .....                  (no barding)
Stlth    +.........             (no amulet)
HPRegen  0.08/turn              (no ring)
MPRegen  0.09/turn              (no ring)

@: short of breath, very slow
A: AC +0, large, see invisible, deformed body, poison resistance, slowness 2,
spit poison 1, naga tail 1
a: Spit Poison


You were on level 1 of the Dungeon.
You visited 1 branch of the dungeon, and saw 1 of its levels.

You collected 17 gold pieces.

Inventory:

Hand Weapons
 a - a +0 short sword (weapon)
Missiles
 d - 2 boomerangs of dispersal
Armour
 b - a +0 leather armour (worn)
Jewellery
 e - a ring of ice
 g - a ring of ice
Scrolls
 c - a scroll of blinking
 f - a scroll of brand weapon {unknown}


   Skills:
 + Level 2.1 Fighting
 + Level 2.1 Short Blades
 - Level 1.0 Throwing
 + Level 1.0 Armour
 + Level 1.7 Dodging
 + Level 0.9 Stealth
 + Level 2.1 Spellcasting
 - Level 3.0 Translocations


You had 5 spell levels left.
You didn't know any spells.
Your spell library contained the following spells:

 Spells                   Type           Power      Damage    Failure   Level
 Blink                    Tloc           N/A        N/A       14%         2
 Gell's Gravitas          Tloc           4%         N/A       28%         3
 Lesser Beckoning         Tloc           4%         N/A       28%         3
 Teleport Other           Tloc           9%         N/A       28%         3
 Manifold Assault         Tloc           9%         N/A       95%         5


Dungeon Overview and Level Annotations

Branches:
Dungeon (1/15)

Altars:


Innate Abilities, Weirdness & Mutations

Your serpentine skin is tough. (AC +0)
You have supernaturally acute eyesight. (SInv)
Armour fits poorly on your strangely shaped body.
Your system is resistant to poisons. (rPois)
You cover ground very slowly.
You can spit poison.
You have a snake-like lower body.


Message History

You have got your breath back.
The jackal misses you.
You barely miss the jackal.
You kill the jackal!
The jackal bites you.
* * * LOW HITPOINT WARNING * * *
The jackal closely misses you.
Unknown command.
The jackal bites you.
* * * LOW HITPOINT WARNING * * *
You don't know any spells.
Unknown command.
Memorise Blink, consuming 2 spell levels and leaving 3?
The jackal barely misses you. The jackal bites you.
Your memorisation is interrupted.
* * * LOW HITPOINT WARNING * * *
You closely miss the jackal. The jackal bites you.
* * * LOW HITPOINT WARNING * * *
Press: ? - help, Shift-Dir - straight line, f/p - kobold
Aim: a kobold, wielding a +0 dagger The splash of poison hits the jackal.
The jackal is poisoned.
You kill the jackal!
Unknown command.
You hit the kobold but do no damage. The kobold hits you with a +0 dagger.
* * * LOW HITPOINT WARNING * * *
You closely miss the kobold.
You have got your breath back.
The kobold barely misses you.
You hit the kobold.
The kobold is moderately wounded.
The kobold hits you with a +0 dagger.
* * * LOW HITPOINT WARNING * * *
Press: ? - help, Shift-Dir - straight line, f - dart slug, p - kobold
Aim: a dart slug (almost dead)
The splash of poison hits the kobold.
The kobold is poisoned.
You kill the kobold!
Unknown command.
You miss the goblin. The goblin hits you but does no damage.
You closely miss the goblin. The goblin hits you with a +0 dagger.
You die...

#........# ##.### #.#
##..###w### #....# #.#
..........# #.##.###.##
##..###.#w########.##..##...
###...###.#K##..##..##...#####
...... ..#.##..##..##...# #...
####.####..##..####
#.######.####..##..####
#.......wg@..##..##...#
#.######.##..##.<##...# #.#
#.####..##..##.##### #.#
#.####..##..##......
#.######.##..##..##..######
#........##..##..##........
#.###########.#####........
#######.# #.......#######
........##### #######.#


You could see a dart slug and a goblin.

Vanquished Creatures
  A dart slug (D:1)
  A goblin (D:1)
  2 hobgoblins (D:1)
  2 jackals (D:1)
  2 frilled lizards (D:1)
  A kobold (D:1)
  2 rats (D:1)
11 creatures vanquished.

Notes
Turn   | Place    | Note
-------+----------+-------------------------------------------
     0 | D:1      | Destapler the Naga Warper began the quest for the Orb.
     0 | D:1      | Reached XP level 1. HP: 19/19 MP: 3/3
   304 | D:1      | Reached skill level 1 in Throwing
   310 | D:1      | Reached XP level 2. HP: 2/26 MP: 5/5
   312 | D:1      | Reached skill level 1 in Armour
  1018 | D:1      | HP: 1/26 [kobold (3)]
  1021 | D:1      | Slain by a goblin

Illustrated notes

Levels and vault maps discovered:
D:1:      lightli_iron_boxes, layout_loops_ring

Skill      XL: |  1  2 |
---------------+-------+-----
Throwing       | 1 |  1.0
Armour         | 1 |  1.0
Fighting       | |  2.1
Short Blades   | |  2.1
Dodging        | |  1.7
Stealth        | |  0.9
Spellcasting   | |  2.1
Translocations | |  3.0

Action                   || total
-------------------------++-------
Melee: Short sword       ||    38
Throw: Boomerang         ||     3
 Abil: Spit Poison       ||     8
Armor: Leather armour    ||     6
Dodge: Dodged            ||    19
